 Dungeon Crawl Stone Soup version 0.22.1-2-g9c5b331383 (webtiles) character file.

2625825 Cykl0x the Gargoyle Barricade (level 27, 199/199 HPs)
             Began as a Gargoyle Fighter on Dec 26, 2018.
             Was the Champion of Okawaru.
             Escaped with the Orb
             ... and 4 runes on Dec 28, 2018!
             The game lasted 05:21:51 (60605 turns).

Cykl0x the Gargoyle Barricade (Gargoyle Fighter)   Turns: 60605, Time: 05:21:52

Health: 199/199    AC: 63    Str: 36    XL:     27
Magic:  39/39      EV: 10    Int: 14    God:    Okawaru [******]
Gold:   7320       SH: 38    Dex:  6    Spells: 26/26 levels left

rFire    + + +     SeeInvis .   u - +2 broad axe (vamp)
rCold    + + .     Gourm    .   W - +8 large shield {rC+}
rNeg     + + .     Faith    .   p - +9 scales of the Dragon King {rPois rF+ rC+ MR+}
rPois    ∞         Spirit   .   T - +1 hat {Int+3}
rElec    +         Reflect  +   t - +2 cloak {MR+}
rCorr    .         Harm     .   c - +1 pair of gloves of Axepado {rElec rF+ Int+4}
MR       +++++                  y - +2 pair of boots {run}
Stlth    ..........             R - amulet of Zuill {Reflect *Drain MR+ SH+2 Stlth+}
HPRegen  0.43/turn              L - ring "Tiack" {rElec MP+9 Slay+2 Stlth+}
MPRegen  0.26/turn              x - ring "Nisch" {Fire *Drain rN+ MR+}

@: studying 2 skills, quick
A: big wings, fangs 1, repulsion field 1, clumsy 2, cold resistance 1, dopey 1,
magic resistance 2, negative energy resistance 1, screaming 1, electricity
resistance, strong 2, unbreathing, petrification resistance, rot immunity, AC
+20
0: Orb of Zot
}: 4/15 runes: barnacled, silver, abyssal, gossamer
a: Fly, Heroism, Finesse, Renounce Religion


You escaped.
You worshipped Okawaru.
Okawaru was exalted by your worship.
You were very full.

You visited 10 branches of the dungeon, and saw 50 of its levels.
You visited the Abyss 1 time.
You visited 1 bazaar.
You visited 1 ziggurat, and saw 9 of its levels.
You also visited: Labyrinth, Bailey and Desolation.

You collected 8605 gold pieces.
You spent 1285 gold pieces at shops.

Inventory:

Hand Weapons
 u - a +2 vampiric broad axe (weapon)
 N - a +4 broad axe of chopping
Missiles
 o - 15 javelins of returning
 G - 47 javelins of penetration (quivered)
Armour
 c - the +1 pair of gloves of Axepado (worn) {rElec rF+ Int+4}
   (Okawaru gifted it to you on level 3 of the Depths)

   It affects your intelligence (+4).
   It protects you from fire.
   It insulates you from electricity.
 p - the +9 scales of the Dragon King (worn) {rPois rF+ rC+ MR+}
   (You found it on level 9 of the Dungeon)

   It protects you from fire.
   It protects you from cold.
   It protects you from poison.
   It affects your resistance to hostile enchantments.
 t - a +2 cloak of magic resistance (worn)
 y - a +2 pair of boots of running (worn)
 T - a +1 hat of intelligence (worn)
 W - a +8 large shield of cold resistance (worn)
Jewellery
 x - the ring "Nisch" (right hand) {Fire *Drain rN+ MR+}
   (You found it in the Desolation of Salt)

   [ring of fire]

   It enhances your fire magic.
   It protects you from fire.
   It makes you vulnerable to cold.
   It protects you from negative energy.
   It affects your resistance to hostile enchantments.
   It causes draining when unequipped.
 B - an uncursed ring of magical power {unknown}
 I - a ring of the Octopus King {AC+1 EV+1 Str+1 Int+1 Dex+1 SInv}
   (You bought it in a shop on level 2 of the Elven Halls)

   [ring of see invisible]

   It affects your AC (+1).
   It affects your evasion (+1).
   It affects your strength (+1).
   It affects your intelligence (+1).
   It affects your dexterity (+1).
   It lets you see invisible.
 L - the ring "Tiack" (left hand) {rElec MP+9 Slay+2 Stlth+}
   (You found it in a labyrinth)

   [ring of stealth]

   It affects your accuracy and damage with ranged weapons and melee attacks
   (+2).
   It insulates you from electricity.
   It affects your magic capacity (+9).
   It makes you more stealthy.
 R - the amulet of Zuill (around neck) {Reflect *Drain MR+ SH+2 Stlth+}
   (You bought it in a shop on level 2 of the Elven Halls)

   [amulet of reflection]

   It shields you and reflects attacks.
   It affects your resistance to hostile enchantments.
   It causes draining when unequipped.
   It affects your SH (+2).
   It makes you more stealthy.
Wands
 d - a wand of iceblast (50)
 e - a wand of digging (35)
 i - a wand of random effects (27)
 j - a wand of disintegration (33)
 r - a wand of paralysis (31)
 A - a wand of polymorph (56)
 C - a wand of clouds (22)
 F - a wand of flame (53)
 V - a wand of scattershot (22)
 Y - a wand of acid (30)
Scrolls
 k - 4 scrolls of fog
 l - 24 scrolls of remove curse
 m - 16 scrolls of magic mapping
 n - 28 scrolls of teleportation
 D - 4 scrolls of summoning
 O - 3 scrolls of enchant armour
 P - 23 scrolls of identify
 S - 4 scrolls of fear
Potions
 a - 4 potions of might
 b - 15 potions of curing
 g - 4 potions of haste
 h - 5 potions of brilliance
 q - 9 potions of lignification
 s - 5 potions of agility
 v - 4 potions of magic
 z - 2 potions of resistance
 H - 4 potions of cancellation
 K - 5 potions of ambrosia
 Q - a potion of berserk rage
 U - 3 potions of invisibility
Books
 w - a manual of Invocations
 Z - a manual of Throwing
Miscellaneous
 M - a lightning rod (4/4)
Comestibles
 f - 73 rations


   Skills:
 O Level 27 Fighting
 + Level 26.0 Axes
 + Level 9.2 Throwing
 + Level 19.3 Armour
 + Level 1.8 Dodging
 + Level 2.2 Stealth
 O Level 27 Shields
 + Level 10.5 Invocations
 + Level 3.0 Evocations


You had 26 spell levels left.
You didn't know any spells.
Your spell library contained the following spells:

 Spells                   Type           Power        Failure   Level  Hunger
 Animate Skeleton         Necr           N/A          91%         1    ##.....
 Apportation              Tloc           #.....       91%         1    ##.....
 Beastly Appendage        Tmut           #.....       91%         1    ##.....
 Confusing Touch          Hex            #.....       91%         1    ##.....
 Corona                   Hex            #......      91%         1    ##.....
 Flame Tongue             Conj/Fire      #....        91%         1    ##.....
 Infusion                 Chrm           #...         91%         1    ##.....
 Magic Dart               Conj           #...         91%         1    ##.....
 Sandblast                Erth           #.....       91%         1    ##.....
 Shock                    Conj/Air       #...         91%         1    ##.....
 Sting                    Conj/Pois      #...         91%         1    ##.....
 Summon Butterflies       Summ           #.......     91%         1    ##.....
 Summon Small Mammal      Summ           #...         91%         1    ##.....
 Call Imp                 Summ           #.......     97%         2    ###....
 Corpse Rot               Necr           N/A          97%         2    ###....
 Ensorcelled Hibernation  Hex/Ice        #.....       97%         2    ###....
 Passwall                 Tmut/Erth      #.......     97%         2    ###....
 Poisonous Vapours        Pois/Air       #.....       97%         2    ###....
 Searing Ray              Conj           #.....       97%         2    ###....
 Shroud of Golubria       Chrm/Tloc      #.........   97%         2    ###....
 Slow                     Hex            #.......     97%         2    ###....
 Song of Slaying          Chrm           #.......     97%         2    ###....
 Sticks to Snakes         Tmut           #.......     97%         2    ###....
 Swiftness                Chrm/Air       #.......     97%         2    ###....
 Throw Flame              Conj/Fire      #.....       97%         2    ###....
 Call Canine Familiar     Summ           #.......     99%         3    ####...
 Confuse                  Hex            #.......     99%         3    ####...
 Conjure Flame            Conj/Fire      #.......     99%         3    ####...
 Dazzling Spray           Conj/Hex       #.....       99%         3    ####...
 Gell's Gravitas          Tloc           #.........   99%         3    ####...
 Ignite Poison            Fire/Tmut/Pois #.......     99%         3    ####...
 Inner Flame              Hex/Fire       #.......     99%         3    ####...
 Mephitic Cloud           Conj/Pois/Air  #.......     99%         3    ####...
 Portal Projectile        Hex/Tloc       #.....       99%         3    ####...
 Regeneration             Chrm/Necr      #.........   99%         3    ####...
 Spectral Weapon          Hex/Chrm       #.......     99%         3    ####...
 Spider Form              Tmut/Pois      #.........   99%         3    ####...
 Static Discharge         Conj/Air       #.......     99%         3    ####...
 Stone Arrow              Conj/Erth      #.....       99%         3    ####...
 Summon Guardian Golem    Hex/Summ       #.......     99%         3    ####...
 Airstrike                Air            #.........   100%        4    #####..
 Animate Dead             Necr           N/A          100%        4    #####..
 Cause Fear               Hex            #.........   100%        4    #####..
 Force Lance              Conj/Tloc      #.......     100%        4    #####..
 Fulminant Prism          Conj/Hex       #.........   100%        4    #####..
 Ice Form                 Ice/Tmut       #.......     100%        4    #####..
 Iskenderun's Mystic Bla  Conj           #.......     100%        4    #####..
 Leda's Liquefaction      Hex/Erth       #.........   100%        4    #####..
 Olgreb's Toxic Radiance  Pois           #.......     100%        4    #####..
 Petrify                  Tmut/Erth      #.......     100%        4    #####..
 Sticky Flame             Conj/Fire      #.......     100%        4    #####..
 Summon Ice Beast         Ice/Summ       #.......     100%        4    #####..
 Summon Lightning Spire   Summ/Air       #.......     100%        4    #####..
 Throw Icicle             Conj/Ice       #.......     100%        4    #####..
 Agony                    Necr           #.......     100%        5    ######.
 Alistair's Intoxication  Tmut/Pois      #.......     100%        5    ######.
 Blade Hands              Tmut           #.........   100%        5    ######.
 Bolt of Draining         Conj/Necr      #.........   100%        5    ######.
 Bolt of Magma            Conj/Fire/Erth #.........   100%        5    ######.
 Borgnjor's Vile Clutch   Necr/Erth      #.........   100%        5    ######.
 Dispel Undead            Necr           #.......     100%        5    ######.
 Excruciating Wounds      Chrm/Necr      #.........   100%        5    ######.
 Fireball                 Conj/Fire      #.........   100%        5    ######.
 Irradiate                Conj/Tmut      #.........   100%        5    ######.
 Iskenderun's Battlesphe  Conj/Chrm      #.......     100%        5    ######.
 Lee's Rapid Deconstruct  Erth           #.........   100%        5    ######.
 Lightning Bolt           Conj/Air       #.........   100%        5    ######.
 Metabolic Englaciation   Hex/Ice        #.........   100%        5    ######.
 Silence                  Hex/Air        #.........   100%        5    ######.
 Summon Demon             Summ           #.........   100%        5    ######.
 Summon Forest            Summ/Tloc      #.........   100%        5    ######.
 Summon Mana Viper        Hex/Summ       #.......     100%        5    ######.
 Venom Bolt               Conj/Pois      #.........   100%        5    ######.
 Yara's Violent Unravell  Hex/Tmut       #.........   100%        5    ######.
 Bolt of Cold             Conj/Ice       #.........   100%        6    #######
 Bolt of Fire             Conj/Fire      #.........   100%        6    #######
 Conjure Ball Lightning   Conj/Air       #.........   100%        6    #######
 Darkness                 Hex            #.........   100%        6    #######
 Death Channel            Necr           #.........   100%        6    #######
 Deflect Missiles         Chrm/Air       #.........   100%        6    #######
 Dispersal                Tloc           #.........   100%        6    #######
 Freezing Cloud           Conj/Ice/Air   #.........   100%        6    #######
 Hydra Form               Tmut           #.........   100%        6    #######
 Ozocubu's Refrigeration  Ice            #.........   100%        6    #######
 Poison Arrow             Conj/Pois      #.........   100%        6    #######
 Shadow Creatures         Summ           N/A          100%        6    #######
 Simulacrum               Ice/Necr       #.........   100%        6    #######
 Dragon Form              Tmut           #.........   100%        7    #######
 Ring of Flames           Chrm/Fire      #.........   100%        7    #######
 Summon Hydra             Summ           #.........   100%        7    #######
 Chain Lightning          Conj/Air       #.........   100%        8    #######
 Controlled Blink         Tloc           N/A          100%        8    #######
 Disjunction              Tloc           #.........   100%        8    #######
 Ignition                 Fire           #.........   100%        8    #######
 Lehudib's Crystal Spear  Conj/Erth      #.........   100%        8    #######
 Dragon's Call            Summ           #.........   100%        9    #######
 Fire Storm               Conj/Fire      #.........   100%        9    #######
 Glaciate                 Conj/Ice       #.........   100%        9    #######
 Shatter                  Erth           #.........   100%        9    #######
 Tornado                  Air            #.........   100%        9    #######
 Sublimation of Blood     Necr           Unusable     N/A         2    N/A
 Statue Form              Tmut/Erth      Unusable     N/A         6    N/A

Dungeon Overview and Level Annotations

Branches:
Dungeon (15/15)            Temple (1/1) D:5            Lair (6/6) D:10
 Shoals (4/4) Lair:4       Spider (4/4) Lair:2        Slime (0/5) Lair:5
    Orc (2/2) D:12            Elf (3/3) Orc:2        Vaults (5/5) D:13
  Crypt (0/3) Vaults:3     Depths (5/5) D:15            Zot (5/5) Depths:5

Altars:
Ashenzari
Cheibriados
Dithmenos
Elyvilon
Fedhas
Gozag
Hepliaklqana
Kikubaaqudgha
Makhleb
Nemelex Xobeh
Okawaru
Qazlal
Ru
Sif Muna
Trog
Uskayaw
Vehumet
Wu Jian
Xom
Yredelemnul
Zin
The Shining One
Beogh
Jiyva

Shops:
D:5 %   D:7 (   D:8 !   Orc:2 :*%%   Elf:2 }}=   Shoals:3 }   Depths:4 =

Portals:
Hell: Depths:1 Depths:2 Depths:3 Depths:4 Depths:5
Abyss: Depths:1 Depths:4
Pandemonium: Depths:2 Depths:3
Trove: Depths:4 (give 18 potions of curing)

Annotations:
D:2 exclusion: oklob plant
D:8 3 runed doors
D:9 3 runed doors, Tutankhamun's ghost, novice DrCj
Lair:5 1 runed door
Elf:2 2 runed doors


Innate Abilities, Weirdness & Mutations

You are resistant to torment.
Your stone body is resilient. (AC +20)
You are immune to poison.
Your large and strong wings let you fly indefinitely.
You resist negative energy. (rN+)
You are resistant to electric shocks. (rElec)
You can survive without breathing.
You are immune to petrification.
You are immune to rotting.
You have very sharp teeth.
You are surrounded by a mild repulsion field. (EV +2)
You are very clumsy. (Dex -4)
Your flesh is cold resistant. (rC+)
You are dopey. (Int -2)
You are highly resistant to hostile enchantments. (MR++)
You occasionally shout uncontrollably at your foes.
Your muscles are very strong. (Str +4)


Message History

You block the Orb Guardian's attack.
You completely miss the Orb Guardian.
The Orb Guardian is heavily wounded.
You block the Orb Guardian's attack.
You slice the Orb Guardian!!
You bite the Orb Guardian, but do no damage.
The Orb Guardian is severely wounded.
You block the Orb Guardian's attack.
Your scales of the Dragon King prevents you from hitting the Orb Guardian.
The Orb Guardian is severely wounded.
You block the Orb Guardian's attack.
You slice the Orb Guardian!!
You kill the Orb Guardian!
Okawaru accepts your kill.
Your Axes skill increases to level 26!
There is a large open door here.
There is a large open door here.
There is a staircase leading out of the dungeon here.
You can't go down here!
You have escaped!

#.[......P.........♣.............
#....#♣....♣..P♣...P♣.....#..###.
#....###PP..............###÷.# ##
..^...########...P########...# #
.......## ♣.P#....#.♣.###....#
........# #..##''##P.###....##
#.......# #'##....##'# #...##
........# #..........# #.###
#.......# #PP...@..♣P# #.#
#.......####P♣♣P♣PPP####.#
######...##############..#
#....####♣PP♣####..##
##.....##P..P##...##
##.....##''##..###
###.........### ###......##
########


There were no monsters in sight!

Vanquished Creatures
  A pandemonium lord (D:13)
  2 ancient liches (Zot:5)
  6 orbs of fire (Zot:5)
  3 juggernauts
  A greater mummy (Zig:4)
  Margery (Depths:5)
  5 curse toes
  6 Killer Klowns
  5 caustic shrikes
  Nikola (Elf:1)
  The ghost of Peloso the Hoplite, a veteran MiFi of Okawaru (Vaults:4)
  6 golden dragons
  Jory (Vaults:2)
  A bone dragon (Depths:5)
  5 electric golems
  3 liches
  13 tentacled monstrosities
  An Ice Fiend (D:13)
  2 hellephants
  8 quicksilver dragons
  3 deep elf blademasters (Elf:3)
  27 Orb Guardians
  A deep elf master archer (Elf:3)
  Asterion (Elf:3)
  10 titans (Vaults:5)
  4 sphinxes
  7 death cobs
  Agnes (D:14)
  19 storm dragons
  Kirke (Spider:4)
  3 krakens
  18 shadow dragons
  2 nagarajas (Zig:8)
  12 draconian monks
  12 tengu reavers
  17 fire giants
  An imperial myrmidon (Desolation)
  An azure jelly (shapeshifter) (Zig:5)
  8 deep elf sorcerers (Elf:3)
  An iron dragon (Depths:5)
  11 ghost moths
  8 draconian knights
  8 draconian scorchers
  13 frost giants
  5 emperor scorpions
  16 vault wardens
  An angel (Depths:2)
  24 stone giants
  8 draconian shifters
  17 ironheart preservers
  8 draconian stormcallers
  3 deep elf elementalists
  4 war gargoyles
  33 very ugly things
  5 draconian annihilators
  7 entropy weavers
  3 deep elf demonologists
  11 green draconians
  Azrael (Orc:2)
  6 spark wasps
  5 vampire knights
  2 bennus (Zig:4)
  16 red draconians
  13 black draconians
  2 halazid warlocks (Desolation)
  16 purple draconians
  13 white draconians
  3 deep elf annihilators
  A minotaur (shapeshifter) (Vaults:5)
  3 dire elephants (Abyss:3)
  A minotaur (Lab)
  A dire elephant (shapeshifter) (Zig:5)
  17 yellow draconians
  2 blizzard demons
  9 merfolk javelineers
  16 ettins
  Snorg (D:12)
  6 deep elf death magi
  2 crystal guardians (Desolation)
  2 deep elf high priests (Elf:3)
  2 merfolk impalers (Shoals:3)
  A quicksilver dragon zombie (Depths:1)
  Josephine (D:11)
  29 vault guards
  11 fire dragons
  12 great orbs of eyes
  Harold (D:7)
  16 ice dragons
  3 hydras
  3 spriggan air magi (Depths:2)
  7 yaktaur captains
  3 naga warriors (Zig:8)
  6 rakshasas
  8 ragged hierophants (Desolation)
  2 merfolk aquamancers
  8 peacekeepers
  6 servants of whispers (Desolation)
  An anaconda (Zig:8)
  15 centaur warriors
  2 merfolk avatars (Shoals:1)
  An alligator snapping turtle (Shoals:1)
  30 two-headed ogres
  3 satyrs (Shoals:3)
  11 ogre magi
  6 death yaks (Lair:3)
  29 dancing weapons
  16 deep troll shamans
  3 spriggan berserkers
  18 deep troll earth magi
  A naga sharpshooter (Zig:8)
  4 orc high priests
  5 tengu warriors
  4 vampire magi
  2 small abominations
  Urug (Lair:6)
  A sun demon (D:13)
  18 deep elf knights
  3 iron trolls
  An iron troll (shapeshifter) (Zig:5)
  A spatial maelstrom (Abyss:3)
  3 shadow wraiths
  13 hell knights
  A salamander mystic (Zig:8)
  A fire crab (shapeshifter) (Vaults:1)
  A sixfirhy (Depths:3)
  3 wizards
  37 deep trolls
  2 glowing orange brains (shapeshifter) (Vaults:2)
  8 sea snakes
  5 flayed ghosts
  A cherub (Zot:2)
  18 deep elf archers
  An unseen horror (Vaults:1)
  A golden dragon zombie (Depths:2)
  5 glowing orange brains
  18 ironbrand convokers
  A swamp dragon (D:8)
  19 harpies
  5 necromancers
  4 phantasmal warriors
  Pikel (D:6)
  16 orc knights
  15 orb spiders
  62 deep elf magi
  45 wolf spiders
  60 ugly things
  11 manticores
  6 orc sorcerers
  2 mana vipers (Zig:8)
  A sphinx skeleton (Depths:2)
  10 fauns (Shoals:3)
  A fire giant zombie (Depths:2)
  2 salamanders (shapeshifter)
  A wolf spider (shapeshifter) (Depths:3)
  9 cyclopes
  A faun (shapeshifter) (Vaults:4)
  A stone giant zombie (Depths:1)
  A salamander (Zig:8)
  11 merfolk sirens
  A black mamba (shapeshifter) (Depths:2)
  A fire giant skeleton (Depths:2)
  A guardian serpent (shapeshifter) (Depths:3)
  22 moths of wrath
  A naga mage (Zig:8)
  A stone giant skeleton (Vaults:3)
  6 black mambas
  An eye of devastation (shapeshifter) (Depths:3)
  An eye of devastation (Orc:2)
  20 elephants
  3 guardian serpents (Desolation)
  An ice statue (Zig:6)
  19 vault sentinels
  3 torpor snails
  26 spiny frogs
  3 smoke demons (Zig:6)
  7 water nymphs
  A water nymph (shapeshifter) (Depths:2)
  A spiny frog (shapeshifter) (Vaults:1)
  2 orange demons
  2 gargoyles
  2 storm dragon simulacra
  A rime drake (Lair:2)
  9 komodo dragons
  2 rime drakes (shapeshifter)
  2 efreet
  A yaktaur (shapeshifter) (D:14)
  3 kobold demonologists (D:15)
  5 freezing wraiths
  A guardian mummy (Zig:4)
  13 demonic crawlers
  42 yaktaurs
  2 hellwings
  37 merfolk
  A red devil (Depths:1)
  3 tengu conjurers
  A queen bee (shapeshifter) (Elf:2)
  7 trolls
  A polar bear (Lair:4)
  A polar bear (shapeshifter) (Depths:3)
  A queen bee (D:9)
  A merfolk (shapeshifter) (Depths:1)
  2 wind drakes (shapeshifter)
  3 wind drakes (Shoals:3)
  7 hornets
  36 jumping spiders
  23 blink frogs
  8 hippogriffs
  An iron dragon simulacrum (Depths:1)
  43 slime creatures
  16 tyrant leeches
  A frost giant simulacrum (Vaults:3)
  A raiju (shapeshifter) (Vaults:4)
  A hippogriff (shapeshifter) (Vaults:1)
  56 saltlings
  10 snapping turtles
  A blink frog (shapeshifter) (Depths:4)
  A flying skull (Zig:4)
  A shadow (D:12)
  Sigmund (D:3)
  25 tarantellas
  5 wyverns
  An ushabti (Zig:4)
  3 large abominations
  81 redbacks
  11 water elementals
  36 yaks
  A ynoxinul (D:13)
  6 air elementals
  A redback (shapeshifter) (Vaults:5)
  3 basilisks
  A basilisk (shapeshifter) (D:14)
  5 hogs (Spider:4)
  6 wraiths
  An ettin skeleton (Vaults:3)
  A chaos spawn (Zig:5)
  2 hogs (shapeshifter)
  A golden eye (shapeshifter) (Vaults:1)
  A steam dragon (Lair:5)
  10 fire elementals
  2 hungry ghosts
  Eustachio (D:4)
  Grum (D:8)
  9 vampire mosquitoes
  2 neqoxecs
  A warg (shapeshifter) (Vaults:4)
  9 wargs
  4 swamp worms
  An acid dragon (D:13)
  A soldier ant (D:13)
  A floating eye (Depths:5)
  3 hell hounds (Orc:2)
  6 water moccasins
  A floating eye (shapeshifter) (Vaults:5)
  9 porcupines
  A sky beast (D:9)
  4 ice beasts
  A black bear (D:12)
  49 orc warriors
  30 ogres
  10 boggarts
  11 wolves
  21 centaurs
  A wolf (shapeshifter) (Vaults:2)
  13 crocodiles
  5 big kobolds
  A big kobold (shapeshifter) (D:14)
  32 bullfrogs
  A wyvern zombie (D:14)
  2 earth elementals
  A deep troll simulacrum (Vaults:2)
  33 killer bees
  2 scorpions
  7 wights
  2 howler monkeys (D:8)
  3 electric eels
  5 jellies
  2 centaur zombies
  5 starcursed masses (Zig:6)
  5 crimson imps
  A human simulacrum (Vaults:1)
  27 orc priests
  6 hounds
  5 centaur skeletons
  A gnoll shaman (Orc:1)
  33 orc wizards
  2 bullfrog skeletons
  3 iguanas
  4 worker ants
  A hound skeleton (D:2)
  2 mummies (Zig:4)
  A worker ant zombie (D:5)
  28 gnolls
  4 adders
  5 shadow imps
  A white imp (Depths:5)
  An ufetubus (Zot:5)
  4 oozes
  2 adder zombies
  2 worms
  4 dart slugs
  4 leopard geckos
  101 orcs
  A ball python (D:2)
  9 bats
  7 giant cockroaches
  19 hobgoblins
  7 jackals (D:2)
  25 kobolds
  5 quokkas
  A ball python skeleton (D:4)
  A frilled lizard (D:1)
  10 goblins
  A jackal skeleton (D:7)
  A jackal zombie (D:7)
  2 leopard gecko skeletons
  7 rats
  2 bushes
  4 fungi
  29 plants
  6 tentacles
2591 creatures vanquished.

Vanquished Creatures (others)
  3 deep elf master archers (Elf:3)
  Ilsuiw (Shoals:4)
  A vault warden (Vaults:2)
  An ironheart preserver (Vaults:1)
  2 stone giants
  4 yaktaur captains
  2 merfolk impalers (Shoals:4)
  A vault guard (Vaults:5)
  2 centaur warriors
  2 orb spiders
  2 deep elf archers
  An ironbrand convoker (Desolation)
  4 deep elf magi
  Maurice (D:8)
  15 yaktaurs
  A jumping spider (Spider:2)
  A redback (Spider:1)
  2 humans (Spider:4)
  An orc warrior (Orc:2)
  A boggart (Vaults:3)
  A centaur (Vaults:1)
  An orc priest (Orc:2)
  An orc wizard (Vaults:4)
  21 fungi
  66 plants
  14 tentacles
152 creatures vanquished.

Grand Total: 2743 creatures vanquished

Notes
Turn   | Place    | Note
-------+----------+-------------------------------------------
     0 | D:1      | Cykl0x the Gargoyle Fighter began the quest for the Orb.
     0 | D:1      | Reached XP level 1. HP: 14/14 MP: 1/1
    76 | D:1      | Reached XP level 2. HP: 19/19 MP: 2/2
   283 | D:1      | Reached XP level 3. HP: 21/23 MP: 3/3
   864 | D:2      | Reached XP level 4. HP: 13/28 MP: 4/4
  1238 | D:2      | Found an opulent altar of Gozag.
  1291 | D:2      | Found a blossoming altar of Fedhas.
  1305 | D:2      | Noticed an oklob plant
  1588 | D:3      | Reached XP level 5. HP: 28/33 MP: 5/5
  1788 | D:3      | Noticed a centaur
  1804 | D:3      | Killed a centaur
  2000 | D:3      | Reached XP level 6. HP: 38/38 MP: 6/6
  2236 | D:3      | Noticed Sigmund
  2257 | D:3      | Killed Sigmund
  2684 | D:4      | Reached skill level 1 in Throwing
  2684 | D:4      | Reached XP level 7. HP: 42/43 MP: 7/7
  2686 | D:4      | Noticed Eustachio
  2735 | D:4      | Killed Eustachio
  2735 | D:4      | Reached skill level 5 in Axes
  3136 | D:4      | Found a sparkling altar of Nemelex Xobeh.
  3150 | D:4      | Reached skill level 5 in Armour
  3294 | D:5      | Entered Level 5 of the Dungeon
  3302 | D:5      | Reached skill level 5 in Shields
  3551 | D:5      | Reached XP level 8. HP: 36/48 MP: 8/8
  3587 | D:5      | Found a staircase to the Ecumenical Temple.
  3603 | Temple   | Entered the Ecumenical Temple
  3774 | Temple   | Became a worshipper of Warmaster Okawaru
  3823 | D:5      | Found a burning altar of Makhleb.
  3861 | D:5      | Found Sustragih's Food Emporium.
  4696 | D:6      | Found a shattered altar of Ashenzari.
  4700 | D:6      | Found a snail-covered altar of Cheibriados.
  4851 | D:6      | Reached skill level 5 in Fighting
  4951 | D:6      | Found an opulent altar of Gozag.
  5035 | D:6      | Noticed Pikel
  5058 | D:6      | Killed Pikel
  5058 | D:6      | Reached * piety under Okawaru
  5058 | D:6      | Reached ** piety under Okawaru
  5058 | D:6      | Reached skill level 1 in Dodging
  5136 | D:6      | You fall through a shaft!
  5151 | D:7      | Reached XP level 9. HP: 48/55 MP: 6/9
  5183 | D:7      | Found a flagged portal.
  5209 | Bailey   | Entered a bailey
  5414 | Bailey   | Noticed an orc knight
  5512 | Bailey   | Killed an orc knight
  5887 | D:7      | Found an opulent altar of Gozag.
  5968 | D:7      | Found Micwuem's Antique Weapon Boutique.
  6446 | D:7      | Reached *** piety under Okawaru
  6801 | D:6      | Identified a scroll of acquirement
  6804 | D:6      | Got a coiled marble ring
  6805 | D:6      | Identified the ring "Vografih" {Str+3 Int+2} (You acquired
                  | it on level 6 of the Dungeon)
  6811 | D:6      | Found a sacrificial altar of Ru.
  6885 | D:7      | Found a glowing golden altar of the Shining One.
  6900 | D:7      | Noticed Harold
  6917 | D:7      | Killed Harold
  6917 | D:7      | Reached **** piety under Okawaru
  6917 | D:7      | Reached XP level 10. HP: 51/61 MP: 10/10
  7158 | D:8      | Found a runed gate.
  7158 | D:8      | Found a runed gate.
  7158 | D:8      | Found a runed gate.
  7161 | D:8      | Noticed a brown ugly thing
  7162 | D:8      | Noticed a green ugly thing
  7163 | D:8      | Noticed a purple ugly thing
  7292 | D:8      | Noticed Grum
  7317 | D:8      | Killed Grum
  7487 | D:8      | Found a white marble altar of Elyvilon.
  7553 | D:8      | HP: 3/63 [orc warrior/glaive (15)]
  7593 | D:8      | Noticed Maurice
  7594 | D:8      | Noticed a two-headed ogre
  7607 | D:8      | Noticed a swamp dragon
  7607 | D:8      | a two-headed ogre changed into a swamp dragon
  7634 | D:8      | Killed a swamp dragon
  7634 | D:8      | Reached ***** piety under Okawaru
  7642 | D:8      | Killed Maurice
  7810 | D:8      | Found Veycaze's Distillery.
  8198 | D:8      | Bought a potion of heal wounds for 70 gold pieces
  8198 | D:8      | Bought a potion of curing for 42 gold pieces
  8198 | D:8      | Bought a potion of curing for 42 gold pieces
  8367 | D:8      | Gained mutation: You expend magic power (3 MP) to
                  | strengthen your wands. [potion of mutation]
  8367 | D:8      | Gained mutation: Potions are less effective at restoring
                  | your health. [potion of mutation]
  8367 | D:8      | Gained mutation: Your mind is acute. (Int +2) [potion of
                  | mutation]
  8368 | D:8      | Lost mutation: Your mind is acute. (Int +2) [potion of
                  | mutation]
  8368 | D:8      | Lost mutation: You expend magic power (3 MP) to strengthen
                  | your wands. [potion of mutation]
  8368 | D:8      | Lost mutation: Potions are less effective at restoring your
                  | health. [potion of mutation]
  8368 | D:8      | Gained mutation: You are partially covered in molten
                  | scales. (AC +2) [potion of mutation]
  8368 | D:8      | Gained mutation: You can translocate small distances at
                  | will. [potion of mutation]
  8368 | D:8      | Gained mutation: You have sharp toenails. [potion of
                  | mutation]
  8368 | D:8      | Gained mutation: You passively map a small area around you.
                  | [potion of mutation]
  8369 | D:8      | Lost mutation: You have sharp toenails. [potion of
                  | mutation]
  8369 | D:8      | Lost mutation: You can translocate small distances at will.
                  | [potion of mutation]
  8369 | D:8      | Gained mutation: Armour fits poorly on your strangely
                  | shaped body. [potion of mutation]
  8369 | D:8      | Gained mutation: You have a somewhat thin skeletal
                  | structure. (Dex +2, Stealth) [potion of mutation]
  8370 | D:8      | Lost mutation: Armour fits poorly on your strangely shaped
                  | body. [potion of mutation]
  8370 | D:8      | Lost mutation: You are partially covered in molten scales.
                  | (AC +2) [potion of mutation]
  8370 | D:8      | Lost mutation: You have a somewhat thin skeletal structure.
                  | (Dex +2, Stealth) [potion of mutation]
  8370 | D:8      | Gained mutation: Scrolls take you a little longer to read.
                  | [potion of mutation]
  8370 | D:8      | Gained mutation: You have an increased reservoir of magic.
                  | (+10% MP) [potion of mutation]
  8370 | D:8      | Gained mutation: Your movements are slightly less
                  | encumbered by armour. (ER -2) [potion of mutation]
  8371 | D:8      | Lost mutation: Scrolls take you a little longer to read.
                  | [potion of mutation]
  8371 | D:8      | Lost mutation: You passively map a small area around you.
                  | [potion of mutation]
  8371 | D:8      | Lost mutation: You have an increased reservoir of magic.
                  | (+10% MP) [potion of mutation]
  8371 | D:8      | Lost mutation: Your movements are slightly less encumbered
                  | by armour. (ER -2) [potion of mutation]
  8371 | D:8      | Gained mutation: You are partially covered in molten
                  | scales. (AC +2) [potion of mutation]
  8371 | D:8      | Gained mutation: You are agile. (Dex +2) [potion of
                  | mutation]
  8372 | D:8      | Lost mutation: You are agile. (Dex +2) [potion of mutation]
  8372 | D:8      | Lost mutation: You are partially covered in molten scales.
                  | (AC +2) [potion of mutation]
  8372 | D:8      | Gained mutation: You are resistant to hostile enchantments.
                  | (MR+) [potion of mutation]
  8372 | D:8      | Gained mutation: Your spells are a little harder to cast,
                  | but a little more powerful. [potion of mutation]
  8372 | D:8      | Gained mutation: You are clumsy. (Dex -2) [potion of
                  | mutation]
  8372 | D:8      | Gained mutation: You are partially covered in molten
                  | scales. (AC +2) [potion of mutation]
  8373 | D:8      | Lost mutation: Your spells are a little harder to cast, but
                  | a little more powerful. [potion of mutation]
  8373 | D:8      | Lost mutation: You are clumsy. (Dex -2) [potion of
                  | mutation]
  8373 | D:8      | Lost mutation: You are resistant to hostile enchantments.
                  | (MR+) [potion of mutation]
  8373 | D:8      | Gained mutation: You have a pair of small antennae on your
                  | head. [potion of mutation]
  8373 | D:8      | Gained mutation: You are partially covered in large bone
                  | plates. (SH +4) [potion of mutation]
  8374 | D:8      | Lost mutation: You are partially covered in molten scales.
                  | (AC +2) [potion of mutation]
  8374 | D:8      | Lost mutation: You have a pair of small antennae on your
                  | head. [potion of mutation]
  8374 | D:8      | Gained mutation: You evolve. [potion of mutation]
  8374 | D:8      | Gained mutation: Your large and strong wings let you fly
                  | indefinitely. [potion of mutation]
  8459 | D:9      | Found a radiant altar of Vehumet.
  8516 | D:9      | Reached skill level 10 in Axes
  8526 | D:9      | Reached XP level 11. HP: 50/68 MP: 3/11
  8620 | D:9      | Reached skill level 1 in Invocations
  8627 | D:9      | Received a gift from Okawaru
  8680 | D:9      | Gained mutation: You are surrounded by a mild repulsion
                  | field. (EV +2) [evolution]
  8691 | D:9      | Found a sacrificial altar of Ru.
  8733 | D:9      | Found a runed gate.
  8734 | D:9      | Found a runed gate.
  8734 | D:9      | Noticed Tutankhamun's ghost (novice DrCj)
  8735 | D:9      | Found a runed gate.
  8854 | D:9      | Found the +9 scales of the Dragon King {rPois rF+ rC+ MR+}
  8874 | D:9      | Noticed a two-headed ogre
  8889 | D:9      | Killed a two-headed ogre
  9359 | D:10     | Entered Level 10 of the Dungeon
  9659 | D:10     | Received a gift from Okawaru
  9779 | D:10     | Found a staircase to the Lair.
  9837 | D:10     | Reached skill level 10 in Shields
 10165 | D:11     | Noticed Josephine
 10193 | D:11     | Killed Josephine
 10197 | D:11     | Received a gift from Okawaru
 10215 | D:11     | Reached XP level 12. HP: 59/75 MP: 2/13
 10690 | D:12     | Found a labyrinth entrance.
 10707 | Lab      | Entered a labyrinth
 10834 | Lab      | Gained mutation: You have a pair of small horns on your
                  | head. [evolution]
 11094 | Lab      | Noticed a minotaur
 11160 | Lab      | Killed a minotaur
 11164 | Lab      | Got a slimy scale mail
 11168 | Lab      | Got a coiled ivory ring
 11171 | Lab      | Identified the ring "Tiack" {rElec MP+9 Slay+2 Stlth+} (You
                  | found it in a labyrinth)
 11182 | Lab      | Identified the +6 scale mail of the Untouchables {Dex+2}
                  | (You took it off a minotaur in a labyrinth)
 11399 | D:12     | Found a staircase to the Orcish Mines.
 11645 | D:12     | Noticed a two-headed ogre
 11648 | D:12     | Noticed Snorg
 11679 | D:12     | Killed a two-headed ogre
 11693 | D:12     | Killed Snorg
 11771 | D:12     | Noticed a two-headed ogre
 11791 | D:12     | Received a gift from Okawaru
 11814 | D:12     | Reached ****** piety under Okawaru
 11834 | D:12     | Killed a two-headed ogre
 12108 | D:13     | Noticed a tengu warrior
 12132 | D:13     | Killed a tengu warrior
 12246 | D:13     | Noticed a six-headed hydra
 12289 | D:13     | Killed an eight-headed hydra
 12297 | D:13     | Received a gift from Okawaru
 12307 | D:13     | Reached skill level 1 in Evocations
 12307 | D:13     | Reached XP level 13. HP: 67/80 MP: 15/15
 12420 | D:13     | Noticed a vault guard
 12443 | D:13     | Killed a vault guard
 12443 | D:13     | Received a gift from Okawaru
 12453 | D:13     | Found a gate to the Vaults.
 12458 | D:13     | Got an ancient battleaxe {god gift}
 12765 | D:13     | Reached skill level 10 in Fighting
 13235 | D:13     | Received a gift from Okawaru
 13393 | D:14     | Reached skill level 10 in Armour
 13490 | D:14     | Noticed a fire dragon
 13517 | D:14     | Killed a fire dragon
 13582 | D:14     | Noticed Agnes
 13604 | D:14     | Killed Agnes
 13641 | D:14     | Mutation became permanent: Your large and strong wings let
                  | you fly indefinitely. [Gargoyle growth]
 13641 | D:14     | Gained mutation: Your large and strong wings let you fly
                  | indefinitely. [Gargoyle growth]
 13641 | D:14     | Reached XP level 14. HP: 90/90 MP: 16/16
 14050 | D:14     | Found a glowing silver altar of Zin.
 14051 | D:14     | Noticed an angel
 14085 | D:15     | Entered Level 15 of the Dungeon
 14323 | D:15     | Received a gift from Okawaru
 14459 | D:15     | Found a deep blue altar of Sif Muna.
 14502 | D:15     | Found a staircase to the Depths.
 14502 | D:15     | Noticed a fire giant
 14538 | D:15     | Killed a fire giant
 14989 | Lair:1   | Entered Level 1 of the Lair of Beasts
 15014 | Lair:1   | Identified the +2 battleaxe "Deuza" {chop, rElec MR+++
                  | Str+3 Int-5} (Okawaru gifted it to you on level 13 of the
                  | Dungeon)
 15268 | Lair:1   | Gained mutation: Your muscles are strong. (Str +2)
                  | [evolution]
 15475 | Lair:1   | Found an opulent altar of Gozag.
 15707 | Lair:2   | Found a hole to the Spider Nest.
 16928 | Lair:3   | Reached skill level 15 in Axes
 17439 | Lair:4   | Lost mutation: Your muscles are strong. (Str +2)
                  | [evolution]
 17524 | Lair:4   | Received a gift from Okawaru
 17778 | Lair:4   | Found a staircase to the Shoals.
 18077 | Lair:5   | Reached XP level 15. HP: 86/96 MP: 17/17
 18261 | Lair:5   | Found a runed door.
 18261 | Lair:5   | Found a viscous altar of Jiyva.
 18266 | Lair:5   | Found a staircase to the Slime Pits.
 18266 | Lair:5   | Noticed an acid blob
 18280 | Lair:5   | Found a bloodstained altar of Trog.
 18679 | Lair:6   | Entered Level 6 of the Lair of Beasts
 19016 | Lair:6   | Got a twisted plate armour
 19027 | Lair:6   | Identified the +7 plate armour of Jagenuocw {Str-3 Int+9
                  | Slay+5} (You found it on level 6 of the Lair of Beasts)
 19111 | Lair:6   | Received a gift from Okawaru
 19254 | Lair:6   | Noticed Urug
 19270 | Lair:6   | Killed Urug
 20004 | Depths:1 | Entered Level 1 of the Depths
 20083 | Depths:1 | Received a gift from Okawaru
 20117 | Depths:1 | Reached XP level 16. HP: 66/104 MP: 19/19
 20361 | Depths:1 | Found a gateway to Hell.
 20696 | Depths:1 | Found a one-way gate to the infinite horrors of the Abyss.
 20807 | Depths:1 | Noticed a caustic shrike
 21127 | Depths:1 | Received a gift from Okawaru
 21437 | Depths:1 | Noticed a tengu reaver
 21457 | Depths:1 | Killed a tengu reaver
 21908 | Depths:1 | Killed a caustic shrike
 21908 | Depths:1 | Received a gift from Okawaru
 21908 | Depths:1 | Received a gift from Okawaru
 21908 | Depths:1 | Reached skill level 15 in Shields
 22238 | Depths:1 | Identified the +5 scimitar of the Crawling Thing {flame,
                  | rC+ Dex+5} (You found it on level 1 of the Depths)
 22506 | Depths:2 | Noticed a tengu reaver
 22530 | Depths:2 | Killed a tengu reaver
 22582 | Depths:2 | Reached skill level 5 in Invocations
 23087 | Orc:1    | Entered Level 1 of the Orcish Mines
 23278 | Orc:1    | Found a roughly hewn altar of Beogh.
 23437 | Orc:2    | Entered Level 2 of the Orcish Mines
 23457 | Orc:2    | Reached XP level 17. HP: 74/111 MP: 20/20
 23661 | Orc:2    | Noticed Azrael
 23672 | Orc:2    | Killed Azrael
 23731 | Orc:2    | Found a staircase to the Elven Halls.
 23849 | Orc:2    | Received a gift from Okawaru
 24309 | Orc:2    | Found Egic's Book Emporium.
 24309 | Orc:2    | Found Pekon's Food Shop.
 24326 | Orc:2    | Found Xocyexkujur's General Store.
 24326 | Orc:2    | Found Ytiziy's Food Shop.
 24334 | Orc:2    | Bought a scroll of enchant weapon for 112 gold pieces
 24837 | Spider:1 | Entered Level 1 of the Spider Nest
 25723 | Spider:2 | Received a gift from Okawaru
 26420 | Spider:2 | Received a gift from Okawaru
 26528 | Spider:3 | Gained mutation: You have very sharp teeth. [evolution]
 26980 | Spider:3 | Reached XP level 18. HP: 108/118 MP: 21/21
 27143 | Spider:3 | Reached skill level 5 in Throwing
 27221 | Spider:3 | Reached skill level 15 in Fighting
 28115 | Spider:4 | Entered Level 4 of the Spider Nest
 28664 | Spider:4 | Noticed Kirke
 28676 | Spider:4 | Received a gift from Okawaru
 28684 | Spider:4 | Killed Kirke
 29278 | Spider:4 | Got a gossamer rune of Zot
 29496 | Shoals:1 | Entered Level 1 of the Shoals
 29526 | Shoals:1 | Found a flickering gateway to a bazaar.
 29565 | Bazaar   | Entered a bazaar
 29566 | Bazaar   | Found Ciuph's Armour Shop.
 29566 | Bazaar   | Found Mifruem's Armour Boutique.
 29567 | Bazaar   | Found Widulani's Assorted Antiques.
 29598 | Bazaar   | Found Ysinavy's Distillery.
 29606 | Bazaar   | Bought a potion of heal wounds for 75 gold pieces
 29606 | Bazaar   | Bought a potion of might for 60 gold pieces
 29606 | Bazaar   | Bought a potion of heal wounds for 75 gold pieces
 30296 | Shoals:1 | Received a gift from Okawaru
 30540 | Shoals:1 | Reached XP level 19. HP: 108/124 MP: 23/23
 31064 | Shoals:2 | Received a gift from Okawaru
 31559 | Shoals:3 | Found a transporter.
 31597 | Shoals:3 | Found Werredd's Gadget Emporium.
 31626 | Shoals:3 | Received a gift from Okawaru
 31889 | Shoals:3 | Found a transporter.
 32638 | Shoals:3 | Got a vibrating ivory ring
 32640 | Shoals:3 | Identified the ring "Tijofuxu" {*Tele +Blink rElec Str-4
                  | Dex+4} (You found it on level 3 of the Shoals)
 32655 | Shoals:3 | Got a bound silver ring
 32657 | Shoals:3 | Identified the ring of Tuysum {*Tele +Blink rF+ Dex+3} (You
                  | found it on level 3 of the Shoals)
 32663 | Shoals:3 | Got a crude scimitar
 32664 | Shoals:3 | Identified the +7 scimitar of Sin {slice, rElec Dex+2} (You
                  | found it on level 3 of the Shoals)
 32732 | Shoals:4 | Entered Level 4 of the Shoals
 32736 | Shoals:4 | Noticed Ilsuiw
 32763 | Shoals:4 | Killed Ilsuiw
 32866 | Shoals:4 | Identified the Compendium of Supportive Venom
 33329 | Shoals:4 | Got a barnacled rune of Zot
 33650 | Elf:1    | Entered Level 1 of the Elven Halls
 33709 | Elf:1    | Noticed Nikola
 33734 | Elf:1    | Killed Nikola
 33734 | Elf:1    | Received a gift from Okawaru
 34244 | Elf:1    | Reached XP level 20. HP: 101/132 MP: 24/24
 34482 | Elf:2    | Received a gift from Okawaru
 34497 | Elf:2    | Found a large runed door.
 34497 | Elf:2    | Found a large runed door.
 34527 | Elf:2    | Found a large runed door.
 34527 | Elf:2    | Found a large runed door.
 34647 | Elf:2    | Received a gift from Okawaru
 34753 | Elf:2    | Found Woozxin's Jewellery Emporium.
 34754 | Elf:2    | Found Lineh's Gadget Shop.
 34754 | Elf:2    | Found Vizosot's Gadget Shop.
 34762 | Elf:2    | Bought a ring of the Octopus King {AC+1 EV+1 Str+1 Int+1
                  | Dex+1 SInv} for 550 gold pieces
 34762 | Elf:2    | Found the ring of the Octopus King {AC+1 EV+1 Str+1 Int+1
                  | Dex+1 SInv}
 34762 | Elf:2    | Bought the amulet of Zuill {Reflect *Drain MR+ SH+2 Stlth+}
                  | for 259 gold pieces
 35029 | Elf:2    | Received a gift from Okawaru
 35141 | Elf:2    | Received a gift from Okawaru
 35279 | Elf:2    | Received a gift from Okawaru
 35432 | Elf:3    | Entered Level 3 of the Elven Halls
 35621 | Elf:3    | Received a gift from Okawaru
 35635 | Elf:3    | Identified a +1 pair of boots of running (Okawaru gifted it
                  | to you on level 3 of the Elven Halls)
 35730 | Elf:3    | Noticed Asterion
 35925 | Elf:3    | Killed Asterion
 35936 | Elf:3    | Killed the ghostly Asterion
 36967 | Elf:3    | Reached XP level 21. HP: 85/139 MP: 25/25
 37535 | Elf:3    | Identified the Reference Book on Burning Good Luck
 37568 | Elf:3    | Identified the Reference Book on Conjuration
 37674 | Elf:3    | Identified Sif Muna's Collected Works on Earth and
                  | Enhancements
 37681 | Elf:3    | Identified the Catalogue of Attacks and Ice
 37686 | Elf:3    | Identified the Disquisition on Air
 38010 | Vaults:1 | Entered Level 1 of the Vaults
 38337 | Vaults:1 | Received a gift from Okawaru
 38353 | Vaults:1 | Got a fine hand axe {god gift}
 38354 | Vaults:1 | Identified the +1 hand axe of Execution {antimagic, rN++
                  | Int+4 Stlth+} (Okawaru gifted it to you on level 1 of the
                  | Vaults)
 39328 | Vaults:2 | Noticed Jory
 39349 | Vaults:2 | Killed Jory
 39349 | Vaults:2 | Received a gift from Okawaru
 39375 | Vaults:2 | Found the +9 heavy crossbow "Sniper" {velocity, Acc+∞ SInv}
 39398 | Vaults:2 | Got a brightly glowing broad axe {god gift}
 39399 | Vaults:2 | Identified the +1 broad axe of Action {pain, Int+4 Dex+4}
                  | (Okawaru gifted it to you on level 2 of the Vaults)
 39483 | Vaults:2 | Identified the Collected Works on Conjuration and
                  | Execration
 39610 | Vaults:2 | Reached XP level 22. HP: 147/147 MP: 26/26
 40212 | Vaults:3 | Received a gift from Okawaru
 40238 | Vaults:3 | Found a staircase to the Crypt.
 40238 | Vaults:3 | Found an ancient bone altar of Kikubaaqudgha.
 40239 | Vaults:3 | Found a basalt altar of Yredelemnul.
 40401 | Vaults:3 | Received a gift from Okawaru
 41109 | Vaults:3 | Received a gift from Okawaru
 41439 | Vaults:3 | Received a gift from Okawaru
 41722 | Vaults:4 | Received a gift from Okawaru
 41764 | Vaults:4 | Found a ruined gateway.
 41841 | Desolati | Entered the Desolation of Salt
 41965 | Desolati | Got a translucent wooden ring
 41968 | Desolati | Identified the ring "Nisch" {Fire *Drain rN+ MR+} (You
                  | found it in the Desolation of Salt)
 42093 | Desolati | Reached XP level 23. HP: 155/155 MP: 27/27
 42127 | Desolati | Received a gift from Okawaru
 42246 | Desolati | Found the +0 pair of fencer's gloves {+Riposte Dex+3}
 42267 | Desolati | Got a warped amethyst amulet
 42269 | Desolati | Identified the amulet "Rexteuto" {Spirit rPois} (You found
                  | it in the Desolation of Salt)
 42442 | Desolati | Lost mutation: You evolve. [evolution]
 42564 | Desolati | Got a spiked plate armour
 42575 | Desolati | Identified the +2 plate armour of Yliy {Str+3} (You found
                  | it in the Desolation of Salt)
 43138 | Vaults:4 | Reached skill level 1 in Stealth
 43325 | Vaults:4 | Got a sparkling turquoise ring
 43776 | Vaults:4 | Noticed Peloso's ghost (veteran MiFi)
 43782 | Vaults:4 | Found a large runed door.
 43782 | Vaults:4 | Found a large runed door.
 43879 | Vaults:4 | Killed Peloso's ghost
 43883 | Vaults:4 | Identified Improving Your Spellcraft
 43886 | Vaults:4 | Got transparent quicksilver dragon scales
 43897 | Vaults:4 | Identified the quicksilver dragon scales of the Alphagorgon
                  | {MR+ Int+4} (You found it on level 4 of the Vaults)
 44293 | Vaults:5 | Entered Level 5 of the Vaults
 44296 | Vaults:5 | Noticed a golden dragon
 44334 | Vaults:5 | Received a gift from Okawaru
 44361 | Vaults:4 | Killed a golden dragon
 44419 | Vaults:5 | Received a gift from Okawaru
 44419 | Vaults:5 | Reached XP level 24. HP: 163/163 MP: 21/27
 44556 | Vaults:5 | Received a gift from Okawaru
 44705 | Vaults:5 | Identified the ring "Paenomme" {Wiz rElec rC+ MP+9 Str-2}
                  | (You found it on level 4 of the Vaults)
 44765 | Vaults:5 | Received a gift from Okawaru
 44992 | Vaults:5 | Got a silver rune of Zot
 45193 | Vaults:5 | Reached skill level 15 in Armour
 45407 | Vaults:5 | Found the +8 glaive of the Guard {elec, +Rage AC+5 SInv}
 45491 | Vaults:5 | Paralysed by a floating eye for 4 turns
 45568 | Vaults:5 | Got a sparkling tin ring
 45596 | Vaults:5 | Identified the ring of Suiraomm {rCorr *Slow rC+ Dex+2}
                  | (You found it on level 5 of the Vaults)
 46157 | Depths:2 | Noticed a juggernaut
 46181 | Depths:2 | Killed a juggernaut
 46181 | Depths:2 | Reached XP level 25. HP: 119/171 MP: 28/28
 46258 | Depths:2 | Received a gift from Okawaru
 46303 | Depths:2 | Got a wavering golden ring
 46311 | Depths:2 | Identified the ring of Uta Veodd {rElec rC+ Dex+4} (You
                  | took it off a fire giant on level 2 of the Depths)
 46424 | Depths:2 | Found a gateway to a ziggurat.
 46893 | Depths:2 | Found a one-way gate leading to the halls of Pandemonium.
 47366 | Depths:3 | Received a gift from Okawaru
 47408 | Depths:3 | Got a pair of jewelled gloves {god gift}
 47419 | Depths:3 | Identified the +1 pair of gloves of Axepado {rElec rF+
                  | Int+4} (Okawaru gifted it to you on level 3 of the Depths)
 47530 | Depths:3 | Noticed a juggernaut
 47559 | Depths:3 | Killed a juggernaut
 47579 | Depths:3 | Noticed a juggernaut
 47611 | Depths:3 | Killed a juggernaut
 48208 | Depths:3 | Received a gift from Okawaru
 48219 | Depths:3 | Reached XP level 26. HP: 179/179 MP: 28/28
 48559 | Depths:4 | Received a gift from Okawaru
 48792 | Depths:4 | Found Founyuh's Jewellery Shop.
 49075 | Depths:4 | Found a portal to a secret trove of treasure.
 49242 | Depths:5 | Entered Level 5 of the Depths
 49469 | Depths:5 | Received a gift from Okawaru
 49715 | Depths:5 | Noticed Margery
 49728 | Depths:5 | Killed Margery
 49786 | Depths:5 | Cast into level 2 of the Abyss (hell knight)
 49790 | Abyss:2  | Found a corrupted altar of Lugonu.
 49956 | Abyss:3  | Found a corrupted altar of Lugonu.
 50001 | Abyss:3  | Got an abyssal rune of Zot
 50042 | Depths:5 | Escaped the Abyss
 50047 | Depths:5 | Received a gift from Okawaru
 50071 | Depths:5 | Reached skill level 27 in Shields
 50173 | Depths:5 | Received a gift from Okawaru
 50226 | Depths:5 | Found a gate to the Realm of Zot.
 50621 | Depths:5 | Reached XP level 27. HP: 183/186 MP: 28/28
 51122 | Zig:1    | Entered Level 1 of a ziggurat
 51155 | Zig:2    | Entered Level 2 of a ziggurat
 51201 | Zig:3    | Entered Level 3 of a ziggurat
 51238 | Zig:4    | Entered Level 4 of a ziggurat
 51240 | Zig:4    | Noticed a greater mummy
 51260 | Zig:4    | Killed a greater mummy
 51444 | Zig:5    | Entered Level 5 of a ziggurat
 51529 | Zig:6    | Entered Level 6 of a ziggurat
 51746 | Zig:6    | Got an ancient steel ring
 51756 | Zig:6    | Identified the ring of Pihiukh {*Tele +Inv MP+9 Dex-3 SInv}
                  | (You found it on level 6 of a ziggurat)
 51850 | Zig:7    | Entered Level 7 of a ziggurat
 51858 | Zig:7    | Found the amulet of the Four Winds {rN+ MR+++ Clar}
 51948 | Zig:8    | Entered Level 8 of a ziggurat
 52037 | Zig:8    | Received a gift from Okawaru
 52064 | Zig:8    | Identified the Disquisition on Sinister Clay
 52111 | Zig:9    | Entered Level 9 of a ziggurat
 52120 | Zig:9    | Noticed Xolunor the pandemonium lord
 52123 | Zig:9    | Found the +2 pair of boots of the Assassin {Detection Stab+
                  | Stlth++}
 52603 | Zot:1    | Entered Level 1 of the Realm of Zot
 53188 | Zot:1    | Received a gift from Okawaru
 53458 | Zot:2    | Received a gift from Okawaru
 53669 | Zot:2    | Found a stormy altar of Qazlal.
 53692 | Zot:2    | Identified Kepnegid's Tome of the Zealot
 53703 | Zot:2    | Identified the Tome of Fire and Brimstone
 53972 | Zot:2    | Received a gift from Okawaru
 54325 | Zot:2    | Received a gift from Okawaru
 54479 | Zot:2    | Received a gift from Okawaru
 55528 | Zot:4    | Received a gift from Okawaru
 56178 | Zot:5    | Entered Level 5 of the Realm of Zot
 56205 | Zot:5    | Received a gift from Okawaru
 56288 | Zot:5    | Received a gift from Okawaru
 56999 | Zot:5    | Noticed an orb of fire
 57116 | Zot:5    | Noticed an orb of fire
 57127 | Zot:5    | Gained mutation: You have large cloven feet. [an orb of
                  | fire]
 57134 | Zot:5    | Killed an orb of fire
 57199 | Zot:5    | Noticed an orb of fire
 57262 | Zot:5    | Gained mutation: Your magical capacity is low. (-10% MP)
                  | [an orb of fire]
 57265 | Zot:5    | Gained mutation: You are weak. (Str -2) [an orb of fire]
 57285 | Zot:5    | Gained mutation: Your spells are a little easier to cast,
                  | but a little less powerful. [an orb of fire]
 57287 | Zot:5    | Gained mutation: Your magical capacity is very low. (-20%
                  | MP) [an orb of fire]
 57290 | Zot:5    | Gained mutation: Scrolls take you a little longer to read.
                  | [an orb of fire]
 57295 | Zot:5    | Killed an orb of fire
 57328 | Zot:5    | Noticed an orb of fire
 57329 | Zot:5    | Lost mutation: Your spells are a little easier to cast, but
                  | a little less powerful. [an orb of fire]
 57329 | Zot:5    | Noticed an ancient lich
 57578 | Zot:5    | Gained mutation: Your body sometimes deteriorates upon
                  | taking damage. [an orb of fire]
 57585 | Zot:5    | Gained mutation: Scrolls take you longer to read. [an orb
                  | of fire]
 57604 | Zot:5    | Gained mutation: Scrolls take you much longer to read. [an
                  | orb of fire]
 57606 | Zot:5    | Killed an ancient lich
 57606 | Zot:5    | Gained mutation: You are very weak. (Str -4) [an orb of
                  | fire]
 57608 | Zot:5    | Killed an orb of fire
 57608 | Zot:5    | Received a gift from Okawaru
 57613 | Zot:5    | Lost mutation: You have large cloven feet. [potion of
                  | mutation]
 57613 | Zot:5    | Lost mutation: Scrolls take you much longer to read.
                  | [potion of mutation]
 57613 | Zot:5    | Lost mutation: Your body sometimes deteriorates upon taking
                  | damage. [potion of mutation]
 57613 | Zot:5    | Lost mutation: You are very weak. (Str -4) [potion of
                  | mutation]
 57613 | Zot:5    | Gained mutation: You are dopey. (Int -2) [potion of
                  | mutation]
 57613 | Zot:5    | Gained mutation: Your spells are a little harder to cast,
                  | but a little more powerful. [potion of mutation]
 57648 | Zot:5    | Received a gift from Okawaru
 57677 | Zot:5    | Got a steaming broad axe {god gift}
 57680 | Zot:5    | Identified the +5 broad axe "Gienow" {freeze, rF+} (Okawaru
                  | gifted it to you on level 5 of the Realm of Zot)
 57758 | Zot:5    | Gained mutation: Your body sometimes deteriorates upon
                  | taking damage. [an orb of fire]
 57779 | Zot:5    | Killed an orb of fire
 57781 | Zot:5    | Lost mutation: Scrolls take you longer to read. [potion of
                  | mutation]
 57781 | Zot:5    | Lost mutation: You are weak. (Str -2) [potion of mutation]
 57781 | Zot:5    | Lost mutation: You are partially covered in large bone
                  | plates. (SH +4) [potion of mutation]
 57781 | Zot:5    | Gained mutation: Your flesh is cold resistant. (rC+)
                  | [potion of mutation]
 57820 | Zot:5    | Noticed an orb of fire
 58611 | Zot:5    | Lost mutation: You have a pair of small horns on your head.
                  | [potion of mutation]
 58611 | Zot:5    | Lost mutation: Your body sometimes deteriorates upon taking
                  | damage. [potion of mutation]
 58611 | Zot:5    | Gained mutation: You are resistant to hostile enchantments.
                  | (MR+) [potion of mutation]
 58611 | Zot:5    | Gained mutation: You are weak. (Str -2) [potion of
                  | mutation]
 58611 | Zot:5    | Gained mutation: You are highly resistant to hostile
                  | enchantments. (MR++) [potion of mutation]
 58728 | Zot:5    | Noticed an orb of fire
 58761 | Zot:5    | Gained mutation: You are frail. (-10% HP) [an orb of fire]
 58762 | Zot:5    | Gained mutation: You occasionally shout uncontrollably at
                  | your foes. [an orb of fire]
 58774 | Zot:5    | Lost mutation: Your magical capacity is very low. (-20% MP)
                  | [an orb of fire]
 58775 | Zot:5    | Gained mutation: Armour fits poorly on your strangely
                  | shaped body. [an orb of fire]
 58777 | Zot:5    | Killed an orb of fire
 58779 | Zot:5    | Lost mutation: Your magical capacity is low. (-10% MP)
                  | [potion of mutation]
 58779 | Zot:5    | Lost mutation: Scrolls take you a little longer to read.
                  | [potion of mutation]
 58779 | Zot:5    | Lost mutation: You are highly resistant to hostile
                  | enchantments. (MR++) [potion of mutation]
 58779 | Zot:5    | Gained mutation: You are highly resistant to hostile
                  | enchantments. (MR++) [potion of mutation]
 58859 | Zot:5    | Lost mutation: You are frail. (-10% HP) [potion of
                  | mutation]
 58859 | Zot:5    | Lost mutation: You are weak. (Str -2) [potion of mutation]
 58859 | Zot:5    | Lost mutation: Armour fits poorly on your strangely shaped
                  | body. [potion of mutation]
 58859 | Zot:5    | Gained mutation: Your muscles are strong. (Str +2) [potion
                  | of mutation]
 58859 | Zot:5    | Gained mutation: Your muscles are very strong. (Str +4)
                  | [potion of mutation]
 59027 | Zot:5    | Noticed an ancient lich
 59044 | Zot:5    | Killed an ancient lich
 59044 | Zot:5    | Received a gift from Okawaru
 59044 | Zot:5    | Reached skill level 27 in Fighting
 59049 | Zot:5    | Got a pair of smoking gloves {god gift}
 59060 | Zot:5    | Identified the +1 pair of gloves of a Thousand Gods {MR+
                  | MP+9} (Okawaru gifted it to you on level 5 of the Realm of
                  | Zot)
 59686 | Zot:5    | Reached skill level 10 in Invocations
 59711 | Zot:5    | Gained mutation: You are clumsy. (Dex -2) [an orb of fire]
 59719 | Zot:5    | Killed an orb of fire
 59807 | Zot:5    | Got the Orb of Zot
 60260 | D:13     | Noticed Xoduc the pandemonium lord
 60349 | D:13     | Gained mutation: You are very clumsy. (Dex -4) [a neqoxec]
 60351 | D:13     | Lost mutation: Your spells are a little harder to cast, but
                  | a little more powerful. [a neqoxec]
 60364 | D:13     | Killed Xoduc the pandemonium lord
 60439 | D:9      | Found a hazy altar of Hepliaklqana.
 60605 | D:$      | Escaped with the Orb!

Skill      XL: |  1  2  3  4  5  6  7  8  9 10 11 12 13 14 15 16 17 18 19 20 21 22 23 24 25 26 27 |
---------------+----------------------------------------------------------------------------------+-----
Axes           | 2 3 4 5 7 8 10 11 12 13 15 16 17 18 19 20 21 22 26 | 26.0
Armour         | 4 5 6 7 8 9 10 11 12 13 14 15 19 | 19.3
Shields        | 4 5 6 7 8 10 12 13 14 15 16 18 19 20 21 22 23 24 26 27 | 27.0
Fighting       | 4 5 6 7 8 9 11 12 13 14 15 16 17 18 19 20 21 22 27 | 27.0
Throwing       | 1 2 3 4 7 8 9 |  9.2
Dodging        | 1 |  1.8
Invocations    | 1 2 3 4 5 6 7 10 | 10.5
Evocations     | 1 2 3 |  3.0
Stealth        | 1 2 |  2.2

Action                   |  1- 3 |  4- 6 |  7- 9 | 10-12 | 13-15 | 16-18 | 19-21 | 22-24 | 25-27 || total
-------------------------+-------+-------+-------+-------+-------+-------+-------+-------+-------++-------
Melee: War axe           |   124 |   156 |   430 |   255 |       |       |       |       |       ||   965
       Hand axe          |       |       |       |   693 |   594 |       |       |       |       ||  1287
       Headbutt          |       |       |       |    82 |   315 |   328 |   356 |   531 |   877 ||  2489
       Punch             |       |       |       |       |     1 |       |       |       |       ||     1
       Broad axe         |       |       |       |       |   623 |  1431 |  1438 |  1661 |  3194 ||  8347
       Bite              |       |       |       |       |       |    73 |   213 |   340 |   607 ||  1233
Throw: Tomahawk          |     1 |    12 |     8 |    25 |    13 |   152 |    17 |       |       ||   228
       Javelin           |       |       |       |       |       |       |    23 |     6 |    17 ||    46
Invok: Heroism           |       |       |     2 |     6 |     4 |     6 |     4 |     3 |     9 ||    34
       Finesse           |       |       |       |     5 |     6 |     9 |     5 |     4 |    13 ||    42
 Abil: Fly               |       |       |       |       |     1 |     5 |     6 |       |     4 ||    16
       Stop Flying       |       |       |       |       |     1 |     5 |     6 |       |     4 ||    16
Evoke: Wand              |       |       |       |    21 |     6 |     9 |     8 |       |     4 ||    48
  Use: Scroll            |     5 |     5 |     4 |    17 |     6 |    12 |    20 |     2 |    22 ||    93
       Potion            |       |     1 |     3 |    11 |       |     7 |     7 |       |     6 ||    35
 Stab: Distracted        |       |       |       |       |       |       |     2 |     4 |     1 ||     7
  Eat: Chunk             |       |     6 |    11 |    11 |    26 |    28 |    27 |    19 |    38 ||   166
       Ration            |       |       |     1 |     6 |       |     2 |     3 |       |     5 ||    17
Armor: Scale mail        |    34 |       |       |       |       |       |       |       |       ||    34
       Chain mail        |    66 |    95 |   245 |       |       |       |       |       |       ||   406
       Plate armour      |       |       |     8 |   161 |       |       |       |       |       ||   169
       Gold dragon scale |       |       |       |   421 |   660 |   819 |   588 |   541 |  1449 ||  4478
Dodge: Dodged            |    54 |    47 |   122 |   233 |   293 |   347 |   227 |   176 |   528 ||  2027
       Deflected         |       |       |       |       |       |       |       |     1 |       ||     1
Block: Shield            |    91 |    72 |   315 |   860 |   629 |  1592 |  1088 |       |       ||  4647
       Other             |       |       |       |       |    59 |       |       |       |       ||    59
       Reflection        |       |       |       |       |       |       |    85 |    60 |   139 ||   284
       Large shield      |       |       |       |       |       |       |   530 |  2126 |  4657 ||  7313
